 Dungeon Crawl Stone Soup version 0.20-a0 (webtiles) character file.

370 varam the Chopper (level 6, -1/37 HPs)
             Began as a Gargoyle Fighter on Oct 27, 2016.
             Was an Initiate of Okawaru.
             Killed by divine providence
             ... invoked by an orc priest
              (13 damage)
             ... on level 5 of the Dungeon.
             The game lasted 00:04:18 (3425 turns).

varam the Chopper (Gargoyle Fighter)                Turns: 3425, Time: 00:04:19

Health: -1/37      AC: 20    Str: 20    XL:     6   Next: 70%
Magic:  6/6        EV:  3    Int:  9    God:    Okawaru [......]
Gold:   196        SH:  9    Dex: 10    Spells: 0 memorised, 5 levels left

rFire  . . .     SeeInvis .     a - +0 war axe
rCold  . . .     Gourm    .     w - +0 plate armour
rNeg   + . .     Faith    .     c - +0 shield
rPois  ∞         Spirit   .     (no helmet)
rElec  +         Reflect  .     v - +0 cloak
rCorr  .         Harm     .     (no gloves)
MR     .....                    (no boots)
Stlth  ..........               (no amulet)
                                (no ring)
                                k - +3 ring of protection

@: no status effects
A: negative energy resistance 1, electricity resistance, unbreathing,
petrification resistance, rot immunity, AC +4
a: Renounce Religion


You were on level 5 of the Dungeon.
You worshipped Okawaru.
Okawaru was noncommittal.
You were not hungry.

You visited 2 branches of the dungeon, and saw 6 of its levels.

You collected 196 gold pieces.

Inventory:

Hand Weapons
 a - a +0 war axe (weapon)
Armour
 b - a +0 scale mail
 c - a +0 shield (worn)
 v - a +0 cloak (worn)
 w - a +0 plate armour (worn)
Jewellery
 k - a +3 ring of protection (left hand)
Wands
 o - a wand of polymorph (15/24)
Scrolls
 j - a scroll of recharging {unknown}
 m - a scroll of magic mapping {unknown}
 n - a scroll of fog {unknown}
 q - 2 scrolls of remove curse {unknown}
 r - a scroll of blinking {unknown}
 s - a scroll of teleportation {unknown}
 t - 2 scrolls of identify {unknown}
 x - a scroll of enchant weapon {unknown}
Potions
 d - a potion of might
 e - a potion of berserk rage {unknown}
 g - a potion of mutation {unknown}
 i - 4 potions of curing {unknown}
 u - 2 potions of flight {unknown}
 z - 2 potions of resistance {unknown}
 A - a potion of haste {unknown}
 B - a potion of ambrosia {unknown}
 C - a potion of degeneration {unknown}
Books
 h - a book of Changes

   Spells                             Type                      Level
   a - Beastly Appendage              Transmutation                1
   b - Sticks to Snakes               Transmutation                2
   c - Spider Form                    Transmutation/Poison         3
   d - Ice Form                       Ice/Transmutation            4
   e - Blade Hands                    Transmutation                5
Comestibles
 f - 3 bread rations
 l - 4 meat rations
 p - 2 beef jerkies
 D - a slice of pizza


   Skills:
 - Level 3.2 Fighting
 + Level 6.3 Axes
 - Level 3.2 Armour
 - Level 3.2 Shields


You had 5 spell levels left.
You didn't know any spells.

Dungeon Overview and Level Annotations

Branches:
Dungeon (5/15)             Temple (1/1) D:5

Altars:
Ashenzari
Cheibriados
Dithmenos
Elyvilon
Fedhas
Gozag
Hepliaklqana
Kikubaaqudgha
Makhleb
Nemelex Xobeh
Okawaru
Qazlal
Sif Muna
Trog
Uskayaw
Vehumet
Zin
The Shining One


Innate Abilities, Weirdness & Mutations

You are resistant to torment.
Your stone body is resilient. (AC +4)
You are immune to poison.
You resist negative energy. (rN+)
You are resistant to electric shocks. (rElec)
You can survive without breathing.
You are immune to petrification.
You are immune to rotting.


Message History

An orc comes into view. It is wielding a club.
The orc shouts!
You hit the orc priest.
The orc priest is lightly wounded.
You block the orc priest's attack.
You hit the orc priest but do no damage.
The orc priest is lightly wounded.
The orc priest hits you but does no damage.
An orc priest comes into view.
The orc priest shouts!
You slash the orc priest!
The orc priest is severely wounded.
The orc priest hits you but does no damage.
You hit the orc priest.
The orc priest is almost dead.
The orc priest calls down the wrath of Beogh upon you.
Beogh smites you! You block the orc priest's attack.
The orc priest mumbles some strange prayers to Beogh against you.
Beogh smites you!
You die...

.........# ... ........## ..
##. ..####..# ..## ###... .##
#..# ..##..o... ## ##.##
#......... # #..# #...o..... #
#..# #..o.....# ..# .# ##.##
###........# #.. .# #..#
##..@...#...##..# .##
#..###...##.....##...# ..#
##..#....# #........# ..###
##......######......#
....####..................###
..........................#.#
.....<...###...........###..##
.........# ##...####..####...#
........## ##..###..## #...##


You could see 2 orc priests and an orc.

Vanquished Creatures
  A phantom (D:4)
  A hound (D:3)
  A jelly (D:5)
  Ijyb (D:3)
  A worker ant (D:4)
  A worker ant zombie (D:5)
  A howler monkey skeleton (D:5)
  5 adders
  An ooze (D:1)
  A worm (D:2)
  2 dart slugs
  A leopard gecko (D:1)
  6 orcs
  7 giant cockroaches
  7 goblins
  16 hobgoblins
  11 jackals
  8 kobolds
  3 quokkas
  A ball python (D:1)
  9 bats
  4 frilled lizards
  4 rats
93 creatures vanquished.

Notes
Turn   | Place    | Note
-------+----------+-------------------------------------------
     0 | D:1      | varam the Gargoyle Fighter began the quest for the Orb.
     0 | D:1      | Reached XP level 1. HP: 14/14 MP: 1/1
   135 | D:1      | Reached skill level 2 in Axes
   168 | D:1      | Reached XP level 2. HP: 17/19 MP: 2/2
   252 | D:1      | Reached skill level 3 in Axes
   257 | D:1      | Reached XP level 3. HP: 21/23 MP: 3/3
   892 | D:2      | Found a sparkling altar of Nemelex Xobeh.
  1028 | D:2      | Reached XP level 4. HP: 28/28 MP: 4/4
  1130 | D:2      | Reached skill level 4 in Axes
  1376 | D:3      | Reached XP level 5. HP: 23/32 MP: 5/5
  1775 | D:3      | Noticed Ijyb
  1785 | D:3      | Killed Ijyb
  1785 | D:3      | Reached skill level 5 in Axes
  2064 | D:4      | Reached XP level 6. HP: 34/37 MP: 6/6
  2204 | D:4      | Found a snail-covered altar of Cheibriados.
  2365 | D:4      | Noticed a phantom
  2409 | D:4      | Killed a phantom
  2409 | D:4      | Reached skill level 6 in Axes
  2630 | D:5      | Entered Level 5 of the Dungeon
  2867 | D:5      | Found a staircase to the Ecumenical Temple.
  2908 | Temple   | Entered the Ecumenical Temple
  3040 | Temple   | Became a worshipper of Warmaster Okawaru
  3425 | D:5      | Killed from afar by an orc priest

Vault maps used:
D:1:      evilmike_arrival_rings
D:2:      nemelex_xobeh_ov_fountains_minmay
D:3:      kennysheep_big_flooded_room, uniq_iyjb
D:4:      kennysheep_slug_shrine
D:5:      first_bread
Temple:   nicolae_temple_elliptical

Skill      XL: |  1  2  3  4  5  6 |
---------------+-------------------+-----
Axes           | 2 3 4 5 6 |  6.3
Fighting       | |  3.2
Armour         | |  3.2
Shields        | |  3.2

Action                   |  1- 3 |  4- 6 || total
-------------------------+-------+-------++-------
Melee: War axe           |   129 |   197 ||   326
  Eat: Chunk             |     1 |     5 ||     6
       Bread ration      |       |     1 ||     1
Armor: Scale mail        |    84 |    77 ||   161
       Plate armour      |       |    58 ||    58
Dodge: Dodged            |    46 |    54 ||   100
Block: Shield            |    76 |   106 ||   182
